[Event "Titled Tuesday Blitz May 16 Early 2023"]
[White "Simonian, Hrair"]
[Black "Tari, Aryan"]
[WhiteFideId "13302337"]
[BlackFideId "1510045"]
[WhiteElo "2447"]
[BlackElo "2571"]
[Result "1-0"]
[Round "08"]
[TimeControl "180+2"]
[Date "2023.05.16"]
[WhiteClock "0:02:14"]
[BlackClock "0:00:11"]

1. e4 c5 2. Nc3 Nc6 3. Bb5 Nd4 4. Bc4 e6 5. Nge2 Nf6 6. O-O d5 7. exd5 exd5 8. Nxd5 Nxd5 9. Nxd4 cxd4 10. Qh5 Be6 11. Re1 Be7 12. Rxe6 g6 13. Qe5 fxe6 14. Qxh8+ Kd7 15. Qxd4 Qb6 16. Qe4 Qc5 17. b4 Qxb4 18. Bxd5 exd5 19. Qxd5+ Bd6 20. Ba3 Qxa3 21. Qxb7+ Bc7 22. Qxa8 Qd6 23. g3 Qe5 24. c3 1-0


[Site "https://www.chess.com"]

[Event "Titled Tuesday Blitz May 16 Early 2023"]
[White "Pichot, Alan"]
[Black "Florescu, Codrut-Constantin"]
[WhiteFideId "110973"]
[BlackFideId "1202200"]
[WhiteElo "2573"]
[BlackElo "2191"]
[Result "1-0"]
[Round "08"]
[TimeControl "180+2"]
[Date "2023.05.16"]
[WhiteClock "0:00:04"]
[BlackClock "0:00:12"]

1. e4 c5 2. Nf3 e6 3. d4 cxd4 4. Nxd4 a6 5. h3 d5 6. exd5 exd5 7. Nc3 Nf6 8. Be2 Bb4 9. O-O O-O 10. Bf3 Bxc3 11. bxc3 Nc6 12. Bg5 h6 13. Bh4 Ne5 14. Re1 Ng6 15. Bg3 Bd7 16. c4 Bc6 17. Rb1 Rc8 18. c5 Qa5 19. Bd6 Rfe8 20. Nf5 Ne4 21. Qd4 f6 22. Bxe4 dxe4 23. Qc4+ Kh7 24. Qf7 Rg8 25. Re3 Be8 26. Qxb7 Qxa2 27. Rb6 Bb5 28. Rg3 Qe6 29. Nd4 Qd7 30. Rxb5 Qe8 31. Rbb3 a5 32. Rbe3 a4 33. Rxe4 Qd8 34. Reg4 Qe8 35. Rxg6 Qxg6 36. Rxg6 Kxg6 37. Qe4+ Kf7 38. Qd5+ Kg6 39. Qf5+ Kf7 40. h4 Rge8 41. Qd5+ Kg6 42. Ne6 Ra8 43. Nc7 a3 44. Nxa8 Re1+ 45. Kh2 a2 46. Qxa2 Re2 47. Qc4 Kh5 48. Qxe2+ Kxh4 49. Nc7 g5 50. Bg3# 1-0


[Site "https://www.chess.com"]

[Event "Titled Tuesday Blitz May 16 Early 2023"]
[White "Shimanov, Aleksandr"]
[Black "Colas, Joshua"]
[WhiteFideId "4198603"]
[BlackFideId "2044447"]
[WhiteElo "2631"]
[BlackElo "2347"]
[Result "1-0"]
[Round "08"]
[TimeControl "180+2"]
[Date "2023.05.16"]
[WhiteClock "0:00:05"]
[BlackClock "0:00:00"]

1. d4 d5 2. Nf3 Nf6 3. c4 e6 4. h3 a6 5. cxd5 exd5 6. Nc3 Bd6 7. Bg5 Be6 8. e3 Nbd7 9. Bd3 c6 10. O-O h6 11. Bf4 Qb8 12. Qd2 O-O 13. Rfe1 Re8 14. Rac1 Nh5 15. Bxd6 Qxd6 16. a3 Nhf6 17. Qc2 Rac8 18. b4 Rc7 19. Nd2 Rec8 20. Na4 Qf8 21. Nc5 Qe7 22. a4 Ne8 23. e4 dxe4 24. Ndxe4 Bd5 25. Re3 Nxc5 26. dxc5 Bxe4 27. Bxe4 Qf8 28. Rce1 Nf6 29. Bf3 Rd8 30. Qf5 Rcd7 31. g3 Rd4 32. Rb3 Re8 33. Re5 Rxe5 34. Qxe5 Qd8 35. Kg2 g6 36. b5 axb5 37. axb5 Kg7 38. bxc6 bxc6 39. Bxc6 Rc4 40. Bf3 Qc8 41. Rb6 Qf5 42. Qxf5 gxf5 43. c6 Ne4 44. g4 fxg4 45. hxg4 Ng5 46. Be2 Rc3 47. f3 Ne6 48. Kf2 Nd4 49. Rb4 Nxc6 50. Re4 Nd8 51. f4 Ne6 52. Bf3 Rc2+ 53. Kg3 Rc3 54. Rb4 Nc5 55. Kg2 Nd3 56. Re4 Nc5 57. Re7 Ne6 58. f5 Ng5 59. Be2 Kf6 60. Re8 Rc2 61. Kf2 Nh3+ 62. Ke3 Ng5 63. Ra8 Rc6 64. Rb8 Rd6 65. Bd3 Kg7 66. Rb7 Nh7 67. Bc4 Ng5 68. Bb3 Rc6 69. Bd5 Rd6 70. Kd4 Ra6 71. Ke5 Ra5 72. f6+ Kg6 73. Rd7 Nf3+ 74. Kf4 Ng5 75. Rd6 Ra4+ 76. Kg3 Ra5 77. Kf4 Ra4+ 78. Kg3 Ra3+ 79. Kf2 Ra4 80. Ke2 Rxg4 81. Bb3 Rf4 82. Bc2+ Kh5 83. Ke3 Rf3+ 84. Kd2 Kh4 85. Rd4+ Kg3 86. Rd6 h5 87. Bd1 Rf2+ 88. Ke3 h4 89. Rd5 Nf3 90. Rd8 Ng1 91. Rg8+ Kh2 92. Kxf2 Nh3+ 93. Kf1 1-0


[Site "https://www.chess.com"]

[Event "Titled Tuesday Blitz May 16 Early 2023"]
[White "Boyer, Mahel"]
[Black "Manukyan, Sargis V."]
[WhiteFideId "45102422"]
[BlackFideId "13303465"]
[WhiteElo "2439"]
[BlackElo "2236"]
[Result "0-1"]
[Round "08"]
[TimeControl "180+2"]
[Date "2023.05.16"]
[WhiteClock "0:00:00"]
[BlackClock "0:00:21"]

1. Nf3 Nf6 2. g3 b5 3. Bg2 Bb7 4. d3 c5 5. e4 e6 6. O-O d5 7. exd5 Nxd5 8. a4 b4 9. Nbd2 Be7 10. d4 O-O 11. dxc5 Na6 12. c6 Bxc6 13. Nd4 Bb7 14. N2b3 Rc8 15. Nb5 Qb6 16. Qe2 Nc5 17. Nd2 Nxa4 18. Rxa4 a6 19. c4 axb5 20. cxb5 Rc5 21. Ne4 Rxb5 22. Qxb5 Qxb5 23. Ra7 Ra8 24. Rxa8+ Bxa8 25. Bd2 h6 26. Ra1 Bc6 27. Rc1 Qb7 0-1


[Site "https://www.chess.com"]

[Event "Titled Tuesday Blitz May 16 Early 2023"]
[White "Visakh N R"]
[Black "Orlov, Georgi"]
[WhiteFideId "25012223"]
[BlackFideId "2011271"]
[WhiteElo "2466"]
[BlackElo "2635"]
[Result "0-1"]
[Round "08"]
[TimeControl "180+2"]
[Date "2023.05.16"]
[WhiteClock "0:00:58"]
[BlackClock "0:00:18"]

1. e4 d6 2. Nf3 Nf6 3. Nc3 Bg4 4. Be2 e6 5. O-O Be7 6. d4 d5 7. exd5 exd5 8. Bg5 O-O 9. Ne5 Bxe2 10. Qxe2 c6 11. Rfe1 Re8 12. Qf3 Nbd7 13. Nxd7 Nxd7 14. Bxe7 Rxe7 15. Re3 Rxe3 16. Qxe3 Qe8 17. Re1 Qxe3 18. Rxe3 Kf8 19. Ne2 Nb6 20. b3 Re8 21. Rxe8+ Kxe8 22. f3 Nc8 23. Kf2 Nd6 24. g4 Ke7 25. Ke3 g5 26. Ng3 Ke6 27. a4 f5 28. Kd3 h6 29. c4 fxg4 30. fxg4 a5 31. c5 Ne8 32. Nf5 h5 33. Ne3 hxg4 34. Nxg4 Kf5 35. Ne5 Ke6 36. Nf3 Kf5 37. Ne5 Ke6 38. Ke3 Nf6 39. Kf3 Ne4 40. Kg4 Nxc5 41. Nf3 Nxb3 42. Kxg5 b5 43. axb5 cxb5 44. h4 a4 45. Kg6 a3 46. Ne1 Nxd4 0-1


[Site "https://www.chess.com"]

[Event "Titled Tuesday Blitz May 16 Early 2023"]
[White "Sokolovsky, Yahli"]
[Black "Novik, Maxim"]
[WhiteFideId "2820242"]
[BlackFideId "4102924"]
[WhiteElo "2389"]
[BlackElo "2287"]
[Result "1-0"]
[Round "08"]
[TimeControl "180+2"]
[Date "2023.05.16"]
[WhiteClock "0:00:08"]
[BlackClock "0:00:00"]

1. b3 Nf6 2. Bb2 g6 3. g3 Bg7 4. Bg2 O-O 5. Nf3 d6 6. d4 e5 7. dxe5 Nfd7 8. O-O Nc6 9. c4 Ncxe5 10. Nxe5 Nxe5 11. Nc3 a5 12. Qd2 a4 13. Nb5 Nc6 14. Bxg7 Kxg7 15. Rfd1 Bd7 16. c5 axb3 17. axb3 Rxa1 18. Rxa1 Ne5 19. Nc3 Bc6 20. Rd1 Bxg2 21. Kxg2 Re8 22. cxd6 cxd6 23. Qxd6 Qxd6 24. Rxd6 Rc8 25. Ne4 Rc2 26. Rd2 Rc1 27. Rd5 Nc6 28. Rd7 Rc2 29. e3 Ne5 30. Rxb7 g5 31. Nxg5 Kg6 32. Nh3 Ng4 33. Re7 Kf6 34. Re4 h5 35. b4 Kf5 36. Rf4+ Kg6 37. Rf3 Ne5 38. Rf4 Nd3 39. Rd4 Ne5 40. Nf4+ 1-0


[Site "https://www.chess.com"]

[Event "Titled Tuesday Blitz May 16 Early 2023"]
[White "Fernandez Guillen, Ernesto J."]
[Black "Pacan-Milej, Kosma"]
[WhiteFideId "3512428"]
[BlackFideId "21800537"]
[WhiteElo "2429"]
[BlackElo "2302"]
[Result "0-1"]
[Round "08"]
[TimeControl "180+2"]
[Date "2023.05.16"]
[WhiteClock "0:00:14"]
[BlackClock "0:00:15"]

1. e4 c6 2. d4 d5 3. e5 Bf5 4. c3 e6 5. Bd3 Ne7 6. Ne2 Nd7 7. O-O Bxd3 8. Qxd3 Nf5 9. Nd2 c5 10. Nf3 Be7 11. g4 Nh4 12. Nxh4 Bxh4 13. f4 O-O 14. f5 Bg5 15. Qg3 cxd4 16. cxd4 Rc8 17. Bxg5 Qxg5 18. h4 Qd2 19. Rf2 Rc2 20. Raf1 Rxb2 21. a3 h6 22. Nf4 Qxd4 23. fxe6 Rxf2 24. Rxf2 fxe6 25. g5 hxg5 26. hxg5 Nxe5 27. g6 Rf5 28. Kh1 Qd1+ 29. Kg2 Qg4 30. Nxe6 Rxf2+ 31. Kxf2 Qxe6 32. Qh4 Qf6+ 0-1


[Site "https://www.chess.com"]

[Event "Titled Tuesday Blitz May 16 Early 2023"]
[White "Hayrapetyan, Hovik"]
[Black "koncheto"]
[WhiteFideId "13302639"]
[WhiteElo "2348"]
[BlackElo "2587"]
[Result "1-0"]
[Round "08"]
[TimeControl "180+2"]
[Date "2023.05.16"]
[WhiteClock "0:01:00"]
[BlackClock "0:00:10"]

1. d4 Nf6 2. c4 e6 3. Nc3 c5 4. d5 exd5 5. cxd5 d6 6. e4 g6 7. f4 Bg7 8. Bb5+ Nfd7 9. Be2 O-O 10. Nf3 Re8 11. O-O Na6 12. Kh1 Nc7 13. a4 a6 14. e5 dxe5 15. Ng5 Nf6 16. d6 Ne6 17. Nxf7 Kxf7 18. fxe5 Kg8 19. exf6 Bxf6 20. Ne4 Bd4 21. Bc4 Rf8 22. Bg5 Qd7 23. Be7 Rf5 24. Rxf5 gxf5 25. Ng5 1-0


[Site "https://www.chess.com"]

[Event "Titled Tuesday Blitz May 16 Early 2023"]
[White "Danielyan, Vahe"]
[Black "Ilamparthi A R"]
[WhiteFideId "13304828"]
[BlackFideId "45015775"]
[WhiteElo "2423"]
[BlackElo "2348"]
[Result "0-1"]
[Round "08"]
[TimeControl "180+2"]
[Date "2023.05.16"]
[WhiteClock "0:00:08"]
[BlackClock "0:00:50"]

1. e4 c5 2. Nc3 d6 3. d4 cxd4 4. Qxd4 Nc6 5. Qd2 g6 6. b3 Bh6 7. f4 Nf6 8. Bb2 O-O 9. O-O-O e5 10. g3 Bg4 11. Be2 Bxe2 12. Ngxe2 Re8 13. Kb1 exf4 14. Nxf4 Bg7 15. Qxd6 Qxd6 16. Rxd6 Nxe4 17. Nxe4 Rxe4 18. Bxg7 Kxg7 19. Rd7 b6 20. Rf1 Ne5 21. Re7 Nf3 22. Rxe4 Nd2+ 23. Kb2 Nxe4 24. Rd1 Nc5 25. b4 Na4+ 26. Kb3 b5 27. c4 a6 28. c5 Re8 29. Rd6 Re3+ 30. Nd3 h5 31. c6 Re4 32. Nc5 Re3+ 33. Kc2 Rc3+ 34. Kd2 Nxc5 35. Kxc3 Ne4+ 36. Kd4 Nxd6 37. Kc5 Nc8 38. c7 Kf6 39. Kc6 Ke6 40. h4 f6 41. Kb7 Kd7 42. Kxa6 Kc6 0-1


[Site "https://www.chess.com"]

[Event "Titled Tuesday Blitz May 16 Early 2023"]
[White "Czerw, Dawid"]
[Black "Bocharov, Dmitry"]
[WhiteFideId "1145746"]
[BlackFideId "4138716"]
[WhiteElo "2144"]
[BlackElo "2469"]
[Result "0-1"]
[Round "08"]
[TimeControl "180+2"]
[Date "2023.05.16"]
[WhiteClock "0:00:00"]
[BlackClock "0:00:35"]

1. e4 c5 2. Nf3 d6 3. d4 cxd4 4. Nxd4 Nf6 5. Nc3 a6 6. h4 b5 7. Nd5 Nxd5 8. exd5 Bb7 9. c4 bxc4 10. Bxc4 Qc7 11. Bb3 Nd7 12. Be3 Nb6 13. Rc1 Qd8 14. Nc6 Bxc6 15. dxc6 Qc7 16. Qh5 e6 17. Bxe6 g6 18. Qa5 Rb8 19. Qxb6 Rxb6 20. Bd7+ Kd8 21. Bxb6 Qxb6 22. c7+ Qxc7 23. Rxc7 Kxc7 24. Ba4 Bg7 25. Ke2 Bxb2 26. Bb3 Bd4 27. f3 f5 28. Kd3 Bf2 29. h5 g5 30. Rc1+ Bc5 31. Re1 h6 32. Re6 a5 33. Bd5 a4 34. Rg6 Re8 35. Rxh6 Re3+ 36. Kd2 f4 37. Rh7+ Kb6 38. h6 Bb4+ 39. Kc2 Rc3+ 40. Kb2 Rd3 0-1


[Site "https://www.chess.com"]

[Event "Titled Tuesday Blitz May 16 Early 2023"]
[White "Garrido, Denis"]
[Black "Santos Ruiz, Miguel"]
[WhiteFideId "601217"]
[BlackFideId "22291482"]
[WhiteElo "2320"]
[BlackElo "2499"]
[Result "0-1"]
[Round "08"]
[TimeControl "180+2"]
[Date "2023.05.16"]
[WhiteClock "0:00:00"]
[BlackClock "0:00:11"]

1. d4 Nf6 2. c4 e6 3. Nf3 d5 4. g3 Bb4+ 5. Bd2 Be7 6. Qc2 O-O 7. Bg2 Ne4 8. Be3 Nd6 9. Nbd2 Nf5 10. O-O Nxe3 11. fxe3 f5 12. Ne5 c6 13. Rab1 Nd7 14. Ndf3 Nxe5 15. Nxe5 Bd6 16. Nd3 Qg5 17. Rf3 a5 18. b3 Bd7 19. c5 Bc7 20. a3 Rfe8 21. Qc3 e5 22. dxe5 Qe7 23. b4 axb4 24. axb4 Bxe5 25. Nxe5 Qxe5 26. Qd3 Ra2 27. b5 Ra1 28. bxc6 bxc6 29. Rff1 Rxb1 30. Rxb1 Qxe3+ 31. Qxe3 Rxe3 32. Rb7 Be8 33. Bf3 Rc3 34. Re7 Kf8 35. Re5 g6 36. g4 fxg4 37. Bxg4 Rxc5 38. Kf2 Rc4 39. Bf3 Bd7 40. Kg3 Kf7 41. Re3 Kf6 42. Ra3 g5 43. Ra7 Bf5 44. Rc7 Bg6 45. Kf2 h5 46. Kg3 h4+ 47. Kf2 g4 48. Bg2 Bf5 49. Bf1 Ke5 50. e4 Rc2+ 51. Ke1 Bxe4 52. Rg7 Kf4 53. Rf7+ Ke3 54. Kd1 Rxh2 0-1


[Site "https://www.chess.com"]

[Event "Titled Tuesday Blitz May 16 Early 2023"]
[White "Gritsenko, Nikolai"]
[Black "Lazavik, Denis"]
[WhiteFideId "14112493"]
[BlackFideId "13515110"]
[WhiteElo "2389"]
[BlackElo "2560"]
[Result "0-1"]
[Round "08"]
[TimeControl "180+2"]
[Date "2023.05.16"]
[WhiteClock "0:00:01"]
[BlackClock "0:00:51"]

1. d4 f5 2. g3 Nf6 3. Bg2 g6 4. Nd2 Bg7 5. e4 fxe4 6. Nxe4 Nxe4 7. Bxe4 d5 8. Bg2 Nc6 9. Ne2 Bg4 10. f3 Bf5 11. c3 e5 12. dxe5 Nxe5 13. O-O Qd7 14. Nd4 O-O-O 15. f4 Nc4 16. b3 Nd6 17. Bxd5 Be4 18. Bxe4 Nxe4 19. Bb2 Rhe8 20. Qc2 Qg4 21. Qg2 Bxd4+ 22. cxd4 Nd6 23. h3 Qd7 24. Rae1 Nf5 25. Qf2 Nd6 26. Kh2 h5 27. Re5 Nf7 28. Rxe8 Rxe8 29. Re1 Nd6 30. Re5 a6 31. Qe2 Rd8 32. Re7 Qc6 33. Qg2 Qb5 34. Qc2 Rd7 35. Re5 Qf1 36. Bc3 h4 37. Qg2 Qd3 38. Bb2 hxg3+ 39. Qxg3 Qd2+ 40. Qg2 Qxf4+ 41. Kh1 Rh7 42. Bc3 Nf5 43. Be1 Ne3 44. Re8+ Kd7 45. Qe4 Rxh3+ 46. Kg1 Qf1# 0-1


[Site "https://www.chess.com"]

[Event "Titled Tuesday Blitz May 16 Early 2023"]
[White "Drozdowski, Kacper"]
[Black "Lavrik, Dmitry"]
[WhiteFideId "1136720"]
[BlackFideId "24113190"]
[WhiteElo "2497"]
[BlackElo "2345"]
[Result "1/2-1/2"]
[Round "08"]
[TimeControl "180+2"]
[Date "2023.05.16"]
[WhiteClock "0:00:14"]
[BlackClock "0:00:18"]

1. e4 c5 2. Nf3 d6 3. d4 cxd4 4. Nxd4 Nf6 5. f3 Nc6 6. c4 e6 7. Nc3 Be7 8. Be3 O-O 9. Be2 d5 10. exd5 exd5 11. O-O Bc5 12. Kh1 Nxd4 13. Bxd4 Bxd4 14. Qxd4 dxc4 15. Qxc4 Be6 16. Qb4 a5 17. Qb5 Qe7 18. Rad1 Qb4 19. a3 Qxb5 20. Bxb5 Rfd8 21. Kg1 Bb3 22. Rxd8+ Rxd8 23. Re1 Kf8 24. Kf2 g5 25. Kg3 h6 26. h4 Rd4 27. hxg5 hxg5 28. Re5 g4 29. Be2 gxf3 30. Bxf3 b6 31. Rb5 a4 32. Rxb6 Kg7 33. Rb4 Rxb4 34. axb4 Kf8 35. Kf4 Ke7 36. Ke5 Nd7+ 37. Kd4 Kd6 38. Ne4+ Kc7 39. Nc5 Nb6 40. Nxb3 axb3 41. Kc3 Kd6 42. Kxb3 Ke5 43. Kc3 f6 44. Kd3 Na4 45. b3 Nb6 46. Kc3 Ke6 47. Kd4 Kd6 48. b5 Nd7 49. b4 Nb6 50. Ke4 Nc4 51. Kf5 Ke7 52. Bc6 Nb6 53. Ke4 Kd6 54. Kd4 Nc8 55. Be4 Nb6 56. g3 Na4 57. Bd3 Nb6 58. Bc4 Na4 59. Ba2 Nb6 60. Bb3 Nc8 61. Ke4 Nb6 62. Kf5 Ke7 63. g4 Nd7 64. Bd5 Nb6 65. Ke4 Kd6 66. Bf7 Na4 67. Kd4 Nb6 68. Bb3 Nc8 69. Bc2 Nb6 70. Be4 Nc8 71. Bf5 Nb6 72. Bd3 Nd7 73. Be4 Nb6 74. Bc6 Na4 75. Be8 Nb6 76. Bf7 Na4 77. Bg6 Nb6 78. Bb1 Na4 79. Be4 Nb6 80. Bg2 Nc8 81. Be4 Nb6 1/2-1/2


[Site "https://www.chess.com"]

[Event "Titled Tuesday Blitz May 16 Early 2023"]
[White "Volkov, Maksim"]
[Black "Nguyen, Ngoc Truong Son"]
[WhiteFideId "54123070"]
[BlackFideId "12401110"]
[WhiteElo "2297"]
[BlackElo "2556"]
[Result "0-1"]
[Round "08"]
[TimeControl "180+2"]
[Date "2023.05.16"]
[WhiteClock "0:00:01"]
[BlackClock "0:00:11"]

1. d4 Nf6 2. c4 e6 3. g3 c5 4. d5 exd5 5. cxd5 b5 6. Nf3 Bd6 7. e4 Nxe4 8. Bd3 f5 9. O-O O-O 10. Bxb5 Ba6 11. Bxa6 Nxa6 12. Na3 Rb8 13. Nc4 Nc7 14. Be3 Ne8 15. Nfd2 Nxd2 16. Bxd2 f4 17. Qg4 Nf6 18. Qh4 Ne4 19. Qxd8 Rbxd8 20. Ba5 Rde8 21. f3 fxg3 22. fxe4 gxh2+ 23. Kg2 Bf4 24. Rae1 Rf6 25. Bc3 Rg6+ 26. Kh1 Rg4 27. Bd2 Bb8 28. b3 Rexe4 29. Rxe4 Rxe4 30. Rf2 Rd4 31. Rf1 Rxd5 32. Be3 h6 33. Kg2 Rd3 34. Bxc5 d5 35. Nd6 Rd2+ 36. Kh1 Rxa2 37. b4 Rc2 38. Rd1 a5 39. Rxd5 a4 40. Rd1 a3 41. Nb5 a2 42. Bd4 Rc4 43. Ba1 Rxb4 44. Rd8+ Kh7 45. Rxb8 Rb1+ 46. Kxh2 Rxa1 47. Ra8 Rb1 48. Rxa2 Rxb5 49. Kg3 Rb4 50. Ra6 h5 51. Ra7 Kh6 52. Ra6+ g6 53. Rb6 h4+ 54. Kh3 Rxb6 0-1


[Site "https://www.chess.com"]

[Event "Titled Tuesday Blitz May 16 Early 2023"]
[White "Quesada Perez, Yuniesky"]
[Black "Mendez Fortes, Eduardo Jesus"]
[WhiteFideId "3504409"]
[BlackFideId "3502376"]
[WhiteElo "2585"]
[BlackElo "2307"]
[Result "1-0"]
[Round "08"]
[TimeControl "180+2"]
[Date "2023.05.16"]
[WhiteClock "0:00:41"]
[BlackClock "0:00:04"]

1. e4 c5 2. Nf3 d6 3. d4 cxd4 4. Nxd4 Nf6 5. Nc3 a6 6. Be3 e5 7. Nb3 Be6 8. Qd2 Be7 9. O-O-O Ng4 10. g3 Nxe3 11. Qxe3 O-O 12. f4 Nc6 13. Kb1 Rc8 14. f5 Bxb3 15. cxb3 Nd4 16. h4 b5 17. Bd3 Qd7 18. g4 Bd8 19. Nd5 a5 20. g5 b4 21. f6 a4 22. Bc4 axb3 23. Bxb3 Qg4 24. Rhf1 Qxh4 25. Rh1 Qg4 26. fxg7 Kxg7 27. Nf6 Qf3 28. Rxh7+ Kg6 29. Rh6+ Kg7 30. Nh5+ Kg8 31. Rg6+ Kh7 32. Rh6+ Kg8 33. Qxf3 Nxf3 34. g6 Bg5 35. gxf7+ Rxf7 36. Rhxd6 Nd4 37. Rg6+ Kf8 38. Bxf7 Be3 39. Rg8+ 1-0


[Site "https://www.chess.com"]

[Event "Titled Tuesday Blitz May 16 Early 2023"]
[White "Borgaonkar Akshay"]
[Black "Galchenko, Matvey"]
[WhiteFideId "25639110"]
[BlackFideId "24175480"]
[WhiteElo "2063"]
[BlackElo "2423"]
[Result "1-0"]
[Round "08"]
[TimeControl "180+2"]
[Date "2023.05.16"]
[WhiteClock "0:00:59"]
[BlackClock "0:00:04"]

1. d4 Nf6 2. Nc3 c5 3. Bg5 cxd4 4. Qxd4 Nc6 5. Qh4 d6 6. O-O-O Qa5 7. e4 Be6 8. a3 Rc8 9. f4 h6 10. f5 Bd7 11. Nf3 a6 12. Bd2 Qc7 13. g4 g5 14. Bxg5 Bg7 15. Bd2 Ne5 16. Nxe5 dxe5 17. Bd3 Bc6 18. Qe1 Nd7 19. Be3 b5 20. h4 Qb7 21. g5 a5 22. gxh6 Bf6 23. Bg5 b4 24. axb4 axb4 25. Nd5 Bxd5 26. exd5 Qxd5 27. Qxb4 Qc5 28. Qxc5 Nxc5 29. Bb5+ Kf8 30. Kb1 Ne4 31. Rhg1 Nd6 32. Bxf6 exf6 33. Rxd6 1-0


[Site "https://www.chess.com"]

[Event "Titled Tuesday Blitz May 16 Early 2023"]
[White "Petrosyan, Manuel"]
[Black "Soham Kamotra"]
[WhiteFideId "13300857"]
[BlackFideId "46647490"]
[WhiteElo "2576"]
[BlackElo "2209"]
[Result "1-0"]
[Round "08"]
[TimeControl "180+2"]
[Date "2023.05.16"]
[WhiteClock "0:00:03"]
[BlackClock "0:00:09"]

1. e4 c6 2. d4 d5 3. e5 Bf5 4. Be2 e6 5. Nf3 Ne7 6. O-O c5 7. dxc5 Nec6 8. c4 d4 9. Bd3 Bg6 10. Bxg6 hxg6 11. Bg5 f6 12. Bc1 Bxc5 13. Nbd2 Be7 14. Re1 f5 15. Nb3 g5 16. Nfxd4 Nxd4 17. Nxd4 Kf7 18. Be3 g6 19. Qb3 Nc6 20. Rad1 Nxd4 21. Bxd4 Qc7 22. Bc3 Rac8 23. h3 Rh4 24. Qa4 Qxc4 25. Qxa7 g4 26. Qxb7 Rc7 27. Qb3 Qxb3 28. axb3 gxh3 29. g3 Rh8 30. Rd4 g5 31. g4 fxg4 32. Rxg4 Kg6 33. Kh2 Kf5 34. Rg3 g4 35. Reg1 Rh4 36. f3 gxf3 37. Rxf3+ Rf4 38. Rxf4+ Kxf4 39. Kxh3 Rb7 40. Rg7 Ke4 41. Kg2 Kd5 42. Kf3 Kc6 43. Ke4 Kd7 44. b4 Kc6 45. Kd3 Kd5 46. Rh7 Rd7 47. Kc2 Kc6 48. Rg7 Bd8 49. Rxd7 Kxd7 50. Kb3 Kc6 51. Kc4 Bb6 52. b5+ Kb7 53. Bd4 Bc7 54. b6 Bb8 55. Kb5 Kc8 56. Kc6 Bc7 57. b7+ Kb8 58. Ba7+ Kxa7 59. Kxc7 1-0


[Site "https://www.chess.com"]

[Event "Titled Tuesday Blitz May 16 Early 2023"]
[White "Hafiz, Arif Abdul"]
[Black "Vlassov, Nikolai"]
[WhiteFideId "7104227"]
[BlackFideId "4103360"]
[WhiteElo "2198"]
[BlackElo "2324"]
[Result "0-1"]
[Round "08"]
[TimeControl "180+2"]
[Date "2023.05.16"]
[WhiteClock "0:00:13"]
[BlackClock "0:00:20"]

1. e4 Nc6 2. d4 d5 3. exd5 Qxd5 4. Be3 Nf6 5. c4 Qa5+ 6. Nc3 Bg4 7. f3 Bf5 8. a3 e5 9. d5 Nd4 10. Bxd4 exd4 11. b4 Qb6 12. c5 Bxc5 13. Na4 Bxb4+ 14. axb4 Qxb4+ 15. Qd2 Qxd2+ 16. Kxd2 Nxd5 17. Ne2 O-O-O 18. Nc5 b6 19. Ng3 Bg6 20. Ba6+ Kb8 21. Nd3 c5 22. Ne5 Kc7 23. Bc4 a5 24. Bxd5 Rxd5 25. Rhe1 Re8 26. f4 f6 27. Nxg6 Rxe1 28. Rxe1 hxg6 29. Kd3 b5 30. Re8 c4+ 31. Ke4 Rd7 32. Nf1 d3 33. Ke3 c3 0-1


[Site "https://www.chess.com"]

[Event "Titled Tuesday Blitz May 16 Early 2023"]
[White "Bharath Subramaniyam H"]
[Black "Jeet, Jain"]
[WhiteFideId "46634827"]
[BlackFideId "5073022"]
[WhiteElo "2400"]
[BlackElo "2067"]
[Result "1-0"]
[Round "08"]
[TimeControl "180+2"]
[Date "2023.05.16"]
[WhiteClock "0:00:10"]
[BlackClock "0:00:08"]

1. c4 c6 2. d4 d5 3. cxd5 cxd5 4. Nf3 Nf6 5. Nc3 Nc6 6. Bf4 a6 7. Ne5 e6 8. e3 Bd7 9. Bd3 Be7 10. O-O Rc8 11. Rc1 O-O 12. a3 b5 13. Qe2 Na5 14. Rc2 Nc4 15. Rfc1 h6 16. Nb1 Nxe5 17. Bxe5 Qb6 18. Nd2 Rxc2 19. Rxc2 Rc8 20. Nb3 Ne4 21. f3 Nd6 22. Nc5 Bc6 23. b3 Nb7 24. b4 Nd6 25. f4 Nc4 26. Qg4 Nxe5 27. fxe5 Bxc5 28. Rxc5 Bd7 29. Qh4 Kf8 30. g4 Rxc5 31. dxc5 Qc7 32. Qg3 g5 33. h4 a5 34. hxg5 hxg5 35. Qh2 axb4 36. Qh8+ Ke7 37. axb4 Qa7 38. Qf6+ Ke8 39. Bh7 Qa1+ 40. Kg2 Qb2+ 41. Kf3 Qxb4 42. Qh8+ Ke7 43. Qf6+ Ke8 44. Qxg5 Qxc5 45. Qf4 b4 46. g5 b3 47. Qf6 b2 48. g6 Qe7 49. g7 Qxf6+ 50. exf6 Kd8 51. g8=Q+ 1-0


[Site "https://www.chess.com"]

[Event "Titled Tuesday Blitz May 16 Early 2023"]
[White "Pakleza, Zbigniew"]
[Black "Koellner, Ruben Gideon"]
[WhiteFideId "1119290"]
[BlackFideId "12993093"]
[WhiteElo "2410"]
[BlackElo "2314"]
[Result "1-0"]
[Round "08"]
[TimeControl "180+2"]
[Date "2023.05.16"]
[WhiteClock "0:00:18"]
[BlackClock "0:00:55"]

1. d4 d6 2. Nf3 Nf6 3. Bf4 Nc6 4. e3 g6 5. h3 Bg7 6. Be2 O-O 7. O-O Nd7 8. c4 e5 9. Bh2 h6 10. Nc3 f5 11. Rc1 f4 12. dxe5 dxe5 13. Qc2 g5 14. Rcd1 Ne7 15. exf4 exf4 16. Bd3 Qe8 17. Rfe1 Qf7 18. Nb5 Nc5 19. Bh7+ Kh8 20. Nxc7 Rb8 21. b4 Bf5 22. Bxf5 Nxf5 23. Nb5 Na6 24. a3 Rbc8 25. c5 Nc7 26. Nd6 Nxd6 27. cxd6 Nb5 28. Qd3 Nc3 29. Rd2 Rcd8 30. Ne5 Qb3 31. Ng6+ Kg8 32. Nxf8 Bxf8 33. d7 a5 34. Qg6+ Kh8 35. Qf6+ Kg8 36. Qxd8 Ne2+ 37. Rdxe2 1-0


[Site "https://www.chess.com"]

[Event "Titled Tuesday Blitz May 16 Early 2023"]
[White "RobertDowneyJr0111"]
[Black "Averjanov, Alexey"]
[BlackFideId "14109867"]
[WhiteElo "2629"]
[BlackElo "2802"]
[Result "0-1"]
[Round "08"]
[TimeControl "180+2"]
[Date "2023.05.16"]
[WhiteClock "0:00:14"]
[BlackClock "0:01:40"]

1. e4 c6 2. Nf3 d5 3. Nc3 Bg4 4. h3 Bxf3 5. Qxf3 dxe4 6. Nxe4 Nd7 7. d4 Ngf6 8. Nxf6+ Nxf6 9. c3 e6 10. Bd3 Be7 11. O-O O-O 12. Re1 Nd5 13. Bf4 Nxf4 14. Qxf4 g6 15. Qf3 Bf6 16. Rad1 Kg7 17. g3 Qb6 18. Re2 Rad8 19. h4 h5 20. Kg2 Rd7 21. Bc4 Rfd8 22. Rde1 Rd6 23. Re4 Qc7 24. g4 hxg4 25. Rxg4 Rh8 26. Rh1 Rh5 27. Kf1 c5 28. d5 exd5 29. Bxd5 Rdxd5 0-1


[Site "https://www.chess.com"]

[Event "Titled Tuesday Blitz May 16 Early 2023"]
[White "vlajkovicS"]
[Black "Sethuraman, S.P."]
[BlackFideId "5021596"]
[WhiteElo "2625"]
[BlackElo "2543"]
[Result "1-0"]
[Round "08"]
[TimeControl "180+2"]
[Date "2023.05.16"]
[WhiteClock "0:00:21"]
[BlackClock "0:00:05"]

1. d4 g6 2. h4 Nf6 3. Nc3 Bg7 4. e4 d6 5. h5 Nxh5 6. Rxh5 gxh5 7. Be3 Bg4 8. f3 Bd7 9. Nge2 e5 10. Qd2 Nc6 11. d5 Ne7 12. O-O-O Ng6 13. Ng3 Qh4 14. Nf5 Bxf5 15. exf5 Ne7 16. Bg5 Qd4 17. f6 Qxd2+ 18. Rxd2 Rg8 19. fxg7 Rxg7 20. Bf6 Rg6 21. Ne4 Nf5 22. Bb5+ Kf8 23. Bd7 Ne3 24. Bh3 h6 25. b3 b5 26. g3 h4 27. g4 c6 28. dxc6 d5 29. c7 Rc8 30. Bxe5 Re6 31. Bf4 dxe4 32. Rd8+ Re8 33. Bxh6+ Ke7 34. Rxe8+ Kxe8 35. Bxe3 Rxc7 36. f4 b4 37. Kd2 a5 38. g5 a4 39. Bf5 axb3 40. axb3 Re7 41. Bf2 Rc7 42. Bxe4 h3 43. Bg1 Rd7+ 44. Ke2 Rc7 45. Bf5 Rc3 46. Bd3 Ke7 47. Kf3 f6 48. g6 f5 49. Kg3 Rc6 50. Kxh3 Rxg6 51. Bf2 Rh6+ 52. Bh4+ Ke6 53. Kg3 Rh8 54. Bg5 Rg8 55. Kf3 Rc8 56. Ke3 Rb8 57. Kd4 Rd8+ 58. Kc4 Rd6 59. Kxb4 Rd4+ 60. Kc5 Rd5+ 61. Kc4 Rd7 62. b4 Rc7+ 63. Kb3 Rd7 64. b5 Rc7 65. Kb4 Rb7 66. Kc5 Rc7+ 67. Kb6 Rc3 68. Kb7 Kd5 69. Bxf5 Rc5 70. Bd3 Kd4 71. Be7 Rd5 72. Bf6+ Kc5 73. Be5 Kb4 74. b6 Ka5 75. Kc6 Rd8 76. b7 Re8 77. Bc7+ Ka4 78. Kd7 Rh8 79. Bd8 Rh7+ 80. Bxh7 1-0


[Site "https://www.chess.com"]